 Dungeon Crawl Stone Soup version 0.29.0-4-gdea44cf6ec (webtiles) character file.

Game seed: 14767333879636731706

72 qw the Chopper (level 4, 0/26 HPs)
             Began as a Tengu Warper on Aug 28, 2022.
             Succumbed to an adder's poison
             ... on level 2 of the Dungeon.
             The game lasted 00:00:09 (1550 turns).

qw the Chopper (Tengu Warper)                       Turns: 1550, Time: 00:00:09

Health: 0/26       AC:  3    Str: 13    XL:     4   Next: 25%
Magic:  8/8        EV: 12    Int: 14    God:
Gold:   43         SH:  0    Dex: 13    Spells: 7/7 levels left

rFire   . . .      SeeInvis .   Y - +0 hand axe
rCold   . . .      Faith    .   (no shield)
rNeg    . . .      Spirit   .   b - +0 leather armour
rPois   .          Reflect  .   (helmet restricted)
rElec   .          Harm     .   (no cloak)
rCorr   .          Rampage  .   (no gloves)
Will    .....                   (boots unavailable)
Stlth   +.........              (no amulet)
HPRegen 0.08/turn               (no ring)
MPRegen 0.11/turn               (no ring)

@: lethally poisoned (0 -> -13)
A: beak, talons 3
a: no special abilities


You were on level 2 of the Dungeon.
You visited 1 branch of the dungeon, and saw 2 of its levels.

You collected 43 gold pieces.


Innate Abilities, Weirdness & Mutations

You have a beak for a mouth.
You have claws for feet.


   Skills:
 - Level 2.0 Fighting
 + Level 4.8 Axes
 - Level 1.0 Throwing
 - Level 1.1 Armour
 - Level 2.1 Dodging
 - Level 2.0 Spellcasting
 - Level 2.4 Translocations


You had 7 spell levels left.
You didn't know any spells.
Your spell library contained the following spells:

 Spells                   Type           Power      Damage    Failure   Level
 Blink                    Tloc           16%        N/A       17%         2
 Gell's Gravitas          Tloc           8%         N/A       34%         3
 Lesser Beckoning         Tloc           8%         N/A       34%         3
 Teleport Other           Tloc           8%         N/A       34%         3
 Manifold Assault         Tloc           8%         N/A       97%         5

Inventory:

Hand Weapons
 d - a +0 club
 Y - a +0 hand axe (weapon)
Missiles
 n - 3 boomerangs (quivered)
Armour
 b - a +0 leather armour (worn)
 c - a +0 scale mail
Scrolls
 e - 2 scrolls of immolation {unknown}
 k - a scroll of enchant armour
Potions
 a - a potion of mutation {unknown}
 f - 2 potions of attraction {unknown}
 g - a potion of heal wounds {unknown}
 i - a potion of degeneration {unknown}
 j - a potion of curing

Dungeon Overview and Level Annotations

Branches:
Dungeon (2/15)

Altars:


Message History

You barely miss the adder. You claw the adder, but do no damage.
The adder is moderately wounded.
The adder bites you.
You are poisoned.
The adder poisons you! The adder barely misses you.
You closely miss the adder. Your kick misses the adder.
The adder is moderately wounded.
You feel sick. The adder bites you but does no damage.
You barely miss the adder. Your kick misses the adder.
The adder is moderately wounded.
You feel sick. The adder bites you.
You barely miss the adder. You claw the adder, but do no damage.
The adder is moderately wounded.
You feel sick. The adder closely misses you.
A giant cockroach comes into view.
The adder bites you but does no damage.
You hit the adder.
The adder is severely wounded.
You feel sick. The adder bites you.
You are more poisoned.
The adder poisons you!
You barely miss the adder. Your peck misses the adder.
The adder is severely wounded.
You feel very sick. The adder bites you.
You are more poisoned.
The adder poisons you! The adder bites you but does no damage.
You hit the adder. Your peck misses the adder.
The adder is almost dead.
You feel very sick. The adder bites you.
You are more poisoned.
The adder poisons you!
You hit the adder.
You kill the adder!
You barely miss the giant cockroach.
You feel very sick. The giant cockroach bites you.
You closely miss the giant cockroach.
You die...

#.# #.#
#.........###
#.#
#.####..########
#
#.###.........#
#
#...........#.#
#
#####..####.#.#
# #..# #># . .
#..# ..# ## ##
#..# .## #@.# .
#%B# ...# ..#..
#.. .## ... .#
##.. ## #..


You could see a giant cockroach.

Vanquished Creatures
  3 adders (D:2)
  2 worms (D:2)
  2 ball pythons (D:1)
  6 endoplasms (D:1)
  2 giant cockroaches (D:1)
  4 goblins (D:1)
  5 hobgoblins
  2 kobolds (D:1)
  A quokka (D:1)
  4 bats
  2 frilled lizards
  2 rats (D:1)
35 creatures vanquished.

Vanquished Creatures (others)
  10 plants (D:1)
10 creatures vanquished.

Grand Total: 45 creatures vanquished

Notes
Turn   | Place    | Note
-------+----------+-------------------------------------------
     0 | D:1      | qw the Tengu Warper began the quest for the Orb.
     0 | D:1      | Reached XP level 1. HP: 12/12 MP: 4/4
     0 | D:1      | 0 ||| qw: Version: 0.1-a-89-g26bdef1
     0 | D:1      | 0 ||| qw: Game counter: 1088
     0 | D:1      | 0 ||| qw: Always use a shield: true
     0 | D:1      | 0 ||| qw: God list: Okawaru
     0 | D:1      | 0 ||| qw: Allow faded altars: false
     0 | D:1      | 0 ||| qw: Do Orc after D:15 true
     0 | D:1      | 0 ||| qw: Do second Lair branch before Depths: true
     0 | D:1      | 0 ||| qw: Lair rune preference: random
     0 | D:1      | 0 ||| qw: Plans: Normal
     0 | D:1      | 0 ||| PLANNING D:1-11
   200 | D:1      | Reached XP level 2. HP: 17/17 MP: 6/6
   235 | D:1      | Reached skill level 3 in Axes
   532 | D:1      | 532 ||| Stepping ~*~*~tactically~*~*~ (stealth).
   535 | D:1      | 535 ||| Stepping ~*~*~tactically~*~*~ (stealth).
   555 | D:1      | Reached XP level 3. HP: 21/21 MP: 7/7
   555 | D:1      | 555 ||| Stepping ~*~*~tactically~*~*~ (stealth).
   557 | D:1      | 557 ||| Stepping ~*~*~tactically~*~*~ (stealth).
   711 | D:1      | Found a faded altar of an unknown god.
   957 | D:1      | Reached skill level 4 in Axes
  1101 | D:1      | 1101 ||| READING scroll labelled ROCIATSY YDOKK.
  1104 | D:1      | 1104 ||| READING scroll labelled EPATIGG ONEHAE.
  1105 | D:1      | 1105 ||| READING scroll labelled USYNYICIARR.
  1106 | D:1      | 1106 ||| READING 2 scrolls labelled AGISTRATOFI.
  1107 | D:1      | 1107 ||| READING 2 scrolls labelled GIWEORHYAJU.
  1108 | D:1      | 1108 ||| READING scroll labelled NYNOESUTOO.
  1109 | D:1      | 1109 ||| DRINKING 2 pink potions.
  1110 | D:1      | 1110 ||| DROPPING scroll of blinking.
  1111 | D:1      | 1111 ||| DROPPING scroll of poison.
  1449 | D:2      | Reached XP level 4. HP: 26/26 MP: 8/8
  1549 | D:2      | HP: 5/26 [poisoned by an adder]
  1550 | D:2      | Succumbed to an adder's poison

Levels and vault maps discovered:
D:1:      wander_arrival_desolate, layout_loops_ring,
          shapermc_ecumenical_altar_mp_ritualfount
D:2:      layout_loops_ring, cheibrodos_gnoll_hut

Skill      XL: |  1  2  3 |
---------------+----------+-----
Axes           | 3 4 |  4.8
Fighting       | |  2.0
Throwing       | |  1.0
Armour         | |  1.1
Dodging        | |  2.1
Spellcasting   | |  2.0
Translocations | |  2.4

Action                   |  1- 3 |  4- 6 || total
-------------------------+-------+-------++-------
Melee: Hand axe          |    64 |    12 ||    76
       Kick              |    14 |     4 ||    18
       Peck              |     8 |     2 ||    10
       Punch             |     2 |       ||     2
Throw: Boomerang         |    23 |     7 ||    30
  Use: Scroll            |     6 |       ||     6
       Potion            |     1 |       ||     1
Armor: Leather armour    |    14 |     3 ||    17
Dodge: Dodged            |    37 |     3 ||    40

Table legend:
 A = Non-vault XP
 B = Vault XP
 C = Vault XP percentage of total XP
 D = Non-vault monster count
 E = Vault monster count
 F = Vault count percentage of total count
                 A         B        C        D         E       F
            +---------+---------+-------+---------+---------+-------
      Total |     103 |       0 |   0.0 |      35 |       0 |   0.0
            +---------+---------+-------+---------+---------+-------
        D:1 |      48 |       0 |   0.0 |      27 |       0 |   0.0
        D:2 |      55 |       0 |   0.0 |       8 |       0 |   0.0
            +---------+---------+-------+---------+---------+-------
